 Dungeon Crawl Stone Soup version 0.17.1-3-g152610e (webtiles) character file.

40 Chiseanne the Insei (level 3, -2/27 HPs)
             Began as a Demonspawn Transmuter on Mar 5, 2016.
             Slain by a quokka (4 damage)
             ... on level 2 of the Dungeon.
             The game lasted 00:05:31 (2005 turns).

Chiseanne the Insei (Demonspawn Transmuter)         Turns: 2005, Time: 00:05:31

Health: -2/27      AC:  3    Str: 11    XL:     3   Next: 30%
Magic:  4/6        EV: 12    Int: 14    God:
Gold:   57         SH:  0    Dex: 13    Spells: 2 memorised, 4 levels left

rFire  . . .     SeeInvis .     a - +2 dagger (pain)
rCold  . . .     Clarity  .     e - +0 leather armour
rNeg   . . .     SustAt   .     (no shield)
rPois  .         Gourm    .     (no helmet)
rElec  .         Spirit   .     (no cloak)
rCorr  .         Warding  .     (no gloves)
rMut   .         Stasis   .     (no boots)
MR     .....                    (no amulet)
Stlth  +.........               (no ring)
                                (no ring)

@: appendage, very slightly contaminated, not resistant to hostile enchantments,
very unstealthy
A: horns 2, talons 1, powered by pain 1
a: End Transformation


You were on level 2 of the Dungeon.
You were not hungry.
You had grown temporary horns.
You visited 1 branch of the dungeon, and saw 2 of its levels.

You collected 57 gold pieces.

Inventory:

Hand Weapons
 a - a +2 dagger of pain (weapon)
Missiles
 g - 70 arrows
 j - 30 bolts
Armour
 e - a +0 leather armour (worn)
Scrolls
 b - 2 scrolls of identify
 i - a scroll of fear {unknown}
 k - a scroll of blinking {unknown}
 l - a scroll of magic mapping {unknown}
Potions
 f - a potion of cancellation
Books
 c - a book of Changes

   Spells                             Type                      Level
   a - Beastly Appendage              Transmutation                1
   b - Sticks to Snakes               Transmutation                2
   c - Spider Form                    Transmutation/Poison         3
   d - Ice Form                       Ice/Transmutation            4
   e - Blade Hands                    Transmutation                5
Comestibles
 d - a bread ration
 h - 2 chunks of flesh


   Skills:
 * Level 2.0 Fighting
 * Level 2.1 Dodging
 + Level 2.8 Unarmed Combat
 * Level 2.5 Spellcasting
 * Level 2.0 Transmutations


You had 4 spell levels left.
You knew the following spells:

 Your Spells              Type           Power        Failure   Level  Hunger
a - Beastly Appendage     Trmt           #.....       14%         1    #......
b - Sticks to Snakes      Trmt           #.........   21%         2    ###....


Dungeon Overview and Level Annotations

Branches:
Dungeon (2/15)

Altars:
Gozag


Innate Abilities, Weirdness & Mutations

You have sharp toenails.
You sometimes gain a little power by taking damage.
You have a pair of horns on your head.


Message History

Confirm with . or Enter, or press ? or * to list all spells.
You miscast Beastly Appendage.
Your hair momentarily turns into snakes!
The quokka closely misses you.
Casting: Beastly Appendage
Confirm with . or Enter, or press ? or * to list all spells.
You grow a pair of large bovine horns.
The quokka bites you.
* * * LOW HITPOINT WARNING * * *
The quokka misses you. The quokka bites you.
* * * LOW HITPOINT WARNING * * *
You completely miss the quokka.
The quokka is heavily wounded.
The quokka bites you.
* * * LOW HITPOINT WARNING * * *
Your leather armour prevents you from hitting the quokka.
Your headbutt misses the quokka.
The quokka is heavily wounded.
The quokka bites you.
You die...

#.# #.># #.#
#.# #..#####.#
#.# #.#
#........# #.#
#.# ##.####..#
#.
#######..###
#..........#
#.#####.##.#
#.##†# #.##@#
#.##r#
#.....rr....#
#.#.##.#......
#.##$#......
#.# ..... #.#
..... #.# ....
..# ....


You could see a quokka and 2 rats.

Vanquished Creatures
  2 giant geckos (D:1)
  6 bats
  A giant cockroach (D:1)
  7 goblins
  5 hobgoblins
  3 jackals (D:2)
  A quokka (D:2)
  2 giant newts (D:1)
  2 kobolds (D:1)
  4 rats
33 creatures vanquished.

Notes
Turn   | Place    | Note
--------------------------------------------------------------
     0 | D:1      | Chiseanne the Demonspawn Transmuter began the quest for the Orb.
     0 | D:1      | Reached XP level 1. HP: 15/15 MP: 3/3
   309 | D:1      | Gained mutation: You sometimes gain a little power by taking damage. [demonic ancestry]
   309 | D:1      | Reached XP level 2. HP: 12/21 MP: 5/5
   556 | D:1      | Learned a level 2 spell: Sticks to Snakes
  1603 | D:2      | Gained mutation: You have sharp toenails. [demonic ancestry]
  1603 | D:2      | Reached XP level 3. HP: 20/27 MP: 6/6
  1700 | D:2      | Found an opulent altar of Gozag.
  2005 | D:2      | Slain by a quokka

Action                   || total
-------------------------++-------
Melee: Dagger            ||   159
 Cast: Beastly Appendage ||    15
  Use: Scroll            ||     6
 Stab: Sleeping          ||     2
  Eat: Chunk             ||     4
